Map: Coda EC

Players

라한나 - Winner!

  • Race: Terran Terran

AgCl

  • Race: Protoss Protoss

VOD

Have the link to the VOD?

Description

Time

  • Played on: May 15, 2015, 2:37 a.m.
  • Length: 10:55
Show
View Real Time Build Order
Export as new Build Order

라한나 Terran - Winner!

Build Orders: Command Center First (CC), MMM Bio 

Get SALT Encoding   

  12  0:00  SCV  
  13  0:13  SCV  
  14  0:18  Supply Depot  
  14  0:25  SCV  
  15  0:40  SCV  
  16  1:00  Command Center  
  16  1:01  SCV  
  17  1:12  Barracks  
  17  1:15  SCV  
  18  1:27  Barracks  
  18  1:30  SCV  
  19  1:42  SCV  
  20  1:55  SCV  
  20  2:00  Marine  
  22  2:05  Barracks  
  22  2:07  Refinery x2  
  22  2:16  Orbital Command  
  22  2:21  Marine  
  22  2:25  Marine  
  23  2:33  Orbital Command  
  23  2:38  Marine  
  24  2:47  Missile Turret  
  24  2:56  Missile Turret  
  24  3:01  Marine  
  24  3:02  Marine  
  24  3:04  Barracks Tech Lab  
  26  3:13  Missile Turret  
  26  3:17  SCV  
  26  3:18  SCV  
  28  3:23  Stimpack  
  28  3:24  Barracks Tech Lab  
  28  3:25  Marine  
  29  3:28  Marine  
  29  3:31  SCV  
  29  3:32  SCV  
  32  3:38  Supply Depot  
  32  3:43  Combat Shields  
  32  3:45  Marine  
  32  3:47  Barracks Reactor  
  33  3:49  Marine  
  33  3:51  SCV  
  33  3:52  SCV  
  36  4:01  Supply Depot  
  36  4:03  Marauder  
  36  4:04  SCV  
  41  4:10  Marauder  
  41  4:13  SCV  
  41  4:16  SCV  
  43  4:19  Supply Depot  
  43  4:24  Marine x2  
  43  4:28  Marauder  
  43  4:30  SCV  
  43  4:31  SCV  
  49  4:36  Marauder  
  51  4:42  Engineering Bay  
  51  4:43  Marine  
  51  4:44  Marine  
  53  4:50  SCV  
  54  4:58  Factory  
  54  5:02  Concussive Shells  
  54  5:03  Marine x2  
  54  5:04  Marine x2  
  54  5:05  SCV  
  59  5:10  Terran Infantry Weapons Level 1  
  59  5:15  Supply Depot  
  59  5:18  Supply Depot  
  59  5:22  SCV  
  59  5:24  SCV  
  61  5:41  Marine  
  61  5:42  Marine x2  
  58  5:45  Starport  
  47  5:52  Marine  
  47  5:55  SCV, Factory Reactor  
  47  5:56  SCV  
  47  5:58  Command Center  
  47  5:59  Marine x2  
  49  6:05  Barracks  
  49  6:06  Barracks  
  49  6:11  Starport, Marine x2  
  50  6:14  SCV  
  50  6:15  SCV  
  53  6:24  Marine x2  
  55  6:27  SCV x2  
  55  6:30  Armory, Refinery  
  55  6:32  Refinery  
  57  6:40  Medivac x2  
  57  6:41  Factory Reactor  
  57  6:42  Marine x2  
  57  6:44  Marine x2  
  64  6:51  SCV  
  64  6:52  SCV  
  56  7:10  Marine x2  
  56  7:11  Barracks Reactor x2  
  56  7:12  Medivac  
  56  7:13  Starport Reactor  
  56  7:15  Command Center  
  58  7:17  SCV  
  58  7:21  SCV  
  60  7:26  Marine x2  
  60  7:28  Marine  
  60  7:29  Terran Infantry Weapons Level 2  
  64  7:30  Command Center, SCV  
  64  7:33  SCV, Medivac  
  67  7:42  SCV  
  67  7:43  Terran Vehicle and Ship Weapons Level 1  
  68  7:53  SCV  
  68  7:55  SCV  
  68  7:57  Marine x2  
  68  7:58  Marine  
  73  8:05  SCV  
  74  8:07  Marine x2  
  74  8:08  Marine x2  
  74  8:12  Supply Depot  
  78  8:13  Supply Depot  
  78  8:14  Factory Reactor  
  78  8:15  Supply Depot  
  78  8:17  Supply Depot  
  78  8:20  Supply Depot  
  78  8:26  Viking x3, Marine x2  
  86  8:30  Marine  
  75  8:50  Viking  
  75  8:51  Marine x6  
  75  8:52  Marine  
  83  8:56  Viking  
  85  9:03  Orbital Command  
  85  9:08  SCV  
  86  9:11  Marine  
  86  9:12  Marine x5  
  92  9:21  Marine x2  
  94  9:26  Viking x3  
  100  9:31  Marine x2  
  100  9:32  Marine  
  100  9:33  Marine x2  
  100  9:36  Marine  
  106  9:39  Marine x2  
  104  9:49  Marine x2  
  101  9:57  Marine x2  
  101  9:58  Marine x3  
  91  10:02  Viking x4  
  91  10:03  SCV  
  96  10:15  Marine  
  96  10:16  Marine x3  
  100  10:22  Marine x2  
  100  10:25  SCV  
Show
View Real Time Build Order
Export as new Build Order

AgCl Protoss 

Build Orders: Oracle Opening, Oracle Opening, Carrier Rush 

Get SALT Encoding   

  13  0:13  Probe  
  13  0:14  Pylon  
  13  0:25  Probe, Assimilator  
  14  0:38  Gateway  
  14  0:42  Probe  
  15  0:54  Probe  
  15  0:55  Pylon  
  16  1:06  Probe (Chrono Boost)  
  18  1:18  Probe (Chrono Boost)  
  18  1:25  Cybernetics Core  
  19  1:26  Probe (Chrono Boost)  
  19  1:29  Zealot (Chrono Boost)  
  21  1:35  Probe (Chrono Boost)  
  22  1:40  Assimilator  
  23  1:47  Probe (Chrono Boost)  
  24  1:54  Probe (Chrono Boost)  
  24  2:03  Stargate  
  24  2:05  Probe  
  24  2:06  Warp Gate  
  25  2:17  Probe  
  27  2:31  Mothership Core (Chrono Boost)  
  28  2:45  Probe (Chrono Boost)  
  28  3:01  Oracle (Chrono Boost)  
  30  3:06  Nexus  
  30  3:09  Pylon  
  30  3:19  Pylon  
  31  3:29  Fleet Beacon  
  31  3:30  Probe  
  31  3:42  Probe (Chrono Boost)  
  32  3:52  Probe (Chrono Boost), Carrier (Chrono Boost)  
  33  3:59  Probe  
  31  4:04  Assimilator  
  31  4:09  Assimilator  
  31  4:11  Probe (Chrono Boost)  
  38  4:24  Probe (Chrono Boost)  
  40  4:25  Probe (Chrono Boost)  
  41  4:32  Probe (Chrono Boost)  
  41  4:34  Probe (Chrono Boost)  
  42  4:39  Graviton Catapult  
  42  4:41  Probe (Chrono Boost)  
  42  4:45  Probe (Chrono Boost)  
  45  4:53  Probe (Chrono Boost)  
  45  4:56  Probe (Chrono Boost)  
  45  4:57  Carrier (Chrono Boost)  
  47  5:01  Probe (Chrono Boost)  
  47  5:06  Probe  
  48  5:10  Probe  
  49  5:14  Protoss Air Weapons Level 1  
  56  5:22  Probe  
  56  5:24  Probe  
  57  5:34  Probe (Chrono Boost)  
  58  5:37  Probe (Chrono Boost)  
  59  5:44  Pylon  
  60  5:56  Nexus  
  59  6:14  Forge  
  59  6:16  Nexus  
  59  6:32  Pylon  
  59  6:48  Twilight Council, Protoss Ground Weapons Level 1  
  59  6:50  Probe  
  59  6:51  Carrier (Chrono Boost)  
  59  6:52  Adept  
  62  7:06  Probe  
  61  7:22  Probe (Chrono Boost)  
  62  7:32  Probe (Chrono Boost)  
  62  7:33  Probe x2 (Chrono Boost)  
  62  7:35  Protoss Air Weapons Level 2 (Chrono Boost)  
  65  7:39  Charge (Chrono Boost)  
  65  7:40  Stargate  
  65  7:42  Probe  
  66  7:45  Templar Archives, Probe  
  66  7:47  Pylon  
  66  7:48  Probe  
  68  7:51  Assimilator  
  68  7:57  Probe x2 (Chrono Boost)  
  70  7:59  Carrier (Chrono Boost)  
  70  8:03  Photon Cannon  
  71  8:05  Probe (Chrono Boost)  
  71  8:08  Probe x2 (Chrono Boost)  
  74  8:15  Probe (Chrono Boost), Pylon  
  74  8:16  Probe (Chrono Boost)  
  74  8:18  Adept  
  77  8:25  Psionic Storm  
  83  8:31  Assimilator  
  83  8:34  Pylon  
  83  8:39  Adept  
  83  8:40  Carrier (Chrono Boost)  
  85  8:52  Probe  
  85  8:55  Probe  
  87  8:56  Gateway  
  87  8:57  Gateway x2  
  93  9:07  Robotics Facility  
  93  9:08  Pylon  
  93  9:16  Photon Cannon  
  94  9:17  Probe, Photon Cannon  
  94  9:47  Zealot  
  82  10:03  Probe  
  82  10:05  Dark Shrine  
  82  10:06  Probe  
  84  10:12  Stargate  
  84  10:13  Observer (Chrono Boost)  
  85  10:14  Stargate  
  85  10:21  Gateway  
  85  10:25  Gateway  
  85  10:27  Photon Cannon  
  85  10:28  Observer (Chrono Boost)  
  86  10:31  Nexus, High Templar  
  86  10:32  High Templar  
  84  10:35  Pylon  
  84  10:42  Zealot x2  
Tags
 
Add a new tag
Caveats
  • Supply blocks, unpowered buildings, or Contaminate may cause inaccurate times.
  • Supply counts are checked every 10 seconds.